Cogmind - Beta 13 @@@ ROGUE MODE // 2024.04.23 @ 22:19:40 Player: Kaitocain Result: Destroyed by S-27 Virus with Autogun Performance ------------- Evolutions (3) 1500 Regions Visited (4) 800 Robots Destroyed (25) 125 Value Destroyed (775) 775 Prototype IDs (1) 20 Alien Tech Used (0) 0 Bonus (0) 0 TOTAL SCORE: 3220 Bonus ------- None Cogmind --------- Core Integrity 0/700 Matter 10/300 Energy 100/100 System Corruption 7% Temperature Cool (0) Movement Core (300) Ox5 Location -7/Factory Parts ------- > --- POWER (3) -------- (None) > --- PROPULSION (3) --- (None) > --- UTILITY (4) ------ Medium Storage Unit > --- WEAPON (3) ------- Light Cannon Rocket Launcher > --- INVENTORY (10) --- Small Storage Unit Shock Rifle Particle Gun Peak State ------------ > --- POWER ------------ Ion Engine Improved Ion Engine > --- PROPULSION ------- Advanced Treads Wheel Compact Wheel > --- UTILITY ---------- Small Storage Unit Medium Storage Unit Light Armor Plating Insulated Plating > --- WEAPON ----------- Light Cannon Light Cannon > --- INVENTORY -------- Light Ion Engine Heavy Ion Engine Small Storage Unit Particle Gun Assault Rifle Light Cannon Rocket Launcher Rocket Launcher [Rating: 17] Favorites ----------- Power Light Ion Engine Engine Light Ion Engine Propulsion Light Treads Treads Light Treads Wheel Compact Wheel Utility Small Storage Unit Device Seismic Detector Storage Small Storage Unit Protection Light Armor Plating Weapon Light Cannon Energy Gun Medium Laser Energy Cannon Improved EM Pulse Cannon Ballistic Gun Light Assault Rifle Ballistic Cannon Light Cannon Launcher Rocket Launcher Build | -11 -10 -9 -8 -7 ------- Run | Yrd Mat Mat Mat Fac Slots Evolved 6 | . . 2 2 2 Power 2 | . . . 1 1 Propulsion 1 | . . 1 . . Utility 2 | . . 1 1 . Weapon 1 | . . . . 1 Parts Attached 30 | 6 10 2 6 6 Power 8 | 1 3 . 2 2 Engine 8 | 1 3 . 2 2 Core . | . . . . . Reactor . | . . . . . Propulsion 5 | 2 2 . 1 . Treads 3 | 2 . . 1 . Leg . | . . . . . Wheel 2 | . 2 . . . Hover . | . . . . . Flight . | . . . . . Utility 8 | 1 3 2 2 . Device 1 | . 1 . . . Storage 2 | 1 . 1 . . Processor . | . . . . . Hackware . | . . . . . Protection 5 | . 2 1 2 . Artifact . | . . . . . Weapon 9 | 2 2 . 1 4 Energy Gun 1 | 1 . . . . Energy Cannon 1 | . . . . 1 Ballistic Gun 2 | 1 . . . 1 Ballistic Cannon 3 | . 2 . . 1 Launcher 2 | . . . 1 1 Special Weapon . | . . . . . Impact Weapon . | . . . . . Slashing Weapon . | . . . . . Piercing Weapon . | . . . . . Special Melee Weapon . | . . . . . Unidentified Prototypes 1 | . . . 1 . Parts Lost 24 | . 9 . 10 5 Power 6 | . 2 . 2 2 Propulsion 5 | . 2 . 3 . Utility 7 | . 3 . 3 1 Weapon 6 | . 2 . 2 2 Highest Loss Streak 10 | . 8 . 10 3 To Critical Strikes . | . . . . . Average Slot Usage (%) 70 | . 83 88 85 24 Engine 10 | . 9 11 14 7 Treads 5 | . 11 . 7 . Wheel 10 | . 8 22 15 . Device 1 | . 3 . . . Storage 15 | . 14 22 18 10 Protection 8 | . 8 11 14 . Energy Gun 2 | . 6 . . . Ballistic Gun 2 | . 6 . . 1 Ballistic Cannon 13 | . 16 22 14 . Naked Turns . | . . . . . Heaviest Build 41 | 11 17 29 41 26 Greatest Support 40 | 40 40 26 26 3 Greatest Overweight (x) 8 | 1 5 1 7 8 Average Overweight (x) 1 | . . 1 1 6 Largest Inventory Capacity 10 | 8 8 10 10 10 Average Capacity 9 | 7 8 10 10 10 Most Carried 10 | 2 8 10 10 7 Average Carried 5 | 1 4 7 8 5 Final Capacity 10 | 8 8 10 10 10 Final Carried 10 | 2 6 10 8 3 Class Distribution -------------------- 100% | Mutant Dominant Class ---------------- Mutant | -10/Materials Mutant | -9/Materials Mutant | -8/Materials Mutant | -7/Factory Resources | -11 -10 -9 -8 -7 ----------- Run | Yrd Mat Mat Mat Fac Matter Collected 513 | 254 227 1 1 30 Remotely . | . . . . . Salvage Created 737 | 50 360 14 283 30 Parts 56 | 10 21 4 17 4 Haulers Intercepted . | . . . . . Recyclers Shooed 1 | . 1 . . . Parts Field Recycled . | . . . . . Retrieved Matter . | . . . . . Parts Self-Destructed . | . . . . . Prevented . | . . . . . Kills | -11 -10 -9 -8 -7 ------- Run | Yrd Mat Mat Mat Fac Combat Hostiles Destroyed 17 | . 8 . 8 1 Guns 3 | . 3 . . . Cannons 11 | . 5 . 5 1 AOE 3 | . . . 3 . Classes Destroyed 7 | 1 4 1 . 1 Worker 1 | . 1 . . . Builder 2 | . . 1 1 . Tunneler 3 | 3 . . . . Recycler 1 | . 1 . . . Watcher 1 | . 1 . . . Swarmer 1 | . . . . 1 Grunt 16 | . 8 . 8 . Best Kill Streak 6 | 2 6 1 4 1 Combat Bots Only 5 | . 5 . 4 1 Max Kills in Single Turn 2 | 1 2 1 1 1 Gunslinging . | . . . . . Exploded 1 | . . . 1 . Melee . | . . . . . Uniques/NPCs Destroyed . | . . . . . Combat | -11 -10 -9 -8 -7 -------- Run | Yrd Mat Mat Mat Fac Hostile Shots Fired 319 | . 140 . 70 109 Missed 77 | . 41 . 6 30 Damage Taken 3500 | . 1139 3 1146 1212 Core 1183 | . 231 . 247 705 Absorbed by Shields . | . . . . . Core Remaining (%) 65 | 100 7 100 55 . Volleys Fired 88 | 10 40 5 26 7 Largest 2 | 2 2 2 2 2 Hottest 89 | 70 70 70 70 89 Shots Fired 150 | 20 66 10 40 14 Gun 59 | 20 36 . . 3 Cannon 81 | . 30 10 34 7 Launcher 10 | . . . 6 4 Special . | . . . . . Kinetic 116 | 10 55 10 34 7 Thermal 21 | 10 11 . . . Explosive 10 | . . . 6 4 Electromagnetic 3 | . . . . 3 Robot Hit Streak 11 | 2 5 1 11 5 Robot Miss Streak 4 | 4 3 3 2 4 Penetration Max . | . . . . . Secondary Targets 1 | . 1 . . . Max Gunslinging Chain 1 | . 1 . . . Shots Hit Robots 80 | 7 39 3 29 2 Core Hits 49 | 3 16 1 19 10 Critical Kills . | . . . . . Critical Parts Destroyed . | . . . . . Critical Strikes 4 | . 3 1 . . Blast 4 | . 3 1 . . Melee Attacks . | . . . . . Impact . | . . . . . Slashing . | . . . . . Piercing . | . . . . . Sneak Attacks . | . . . . . Combat Hostiles . | . . . . . Follow-up Attacks . | . . . . . Damage Inflicted 1633 | 75 524 58 783 193 Guns 325 | 75 236 . . 14 Cannons 746 | . 288 52 362 44 Explosions 536 | . . . 421 115 Melee . | . . . . . Ramming 26 | . . 6 . 20 Kinetic 898 | 25 425 52 362 34 Thermal 149 | 50 99 . . . Explosive 536 | . . . 421 115 Electromagnetic 24 | . . . . 24 Impact . | . . . . . Slashing . | . . . . . Piercing . | . . . . . Highest Corruption 7 | . 2 3 . 7 Average Corruption 3 | . 1 2 . 6 Corruption Purged . | . . . . . Corruption Blocked . | . . . . . Effects 7 | . 2 . . 5 Message Errors 1 | . 1 . . . Matter Fused 2 | . 1 . . 1 Energy Discharges 3 | . . . . 3 Data Loss (minor) 1 | . . . . 1 Overload Shots . | . . . . . Overflow Damage 13 | . . . 10 3 Projectiles . | . . . . . Explosions 13 | . . . 10 3 Melee . | . . . . . Knockbacks 15 | . 3 . 12 . Impact . | . . . . . Kinetic 15 | . 3 . 12 . Secondary . | . . . . . Self-Inflicted Damage 125 | . . 3 101 21 Shots 4 | . . . 3 1 Rammed 19 | . 1 1 . 17 Targets Rammed 19 | . 1 1 . 17 Kicked . | . . . . . Crushed . | . . . . . Highest Temperature 547 | 90 328 27 547 . Average Temperature 170 | 40 137 12 286 . Received Heat Transfer 1221 | . 627 . 594 . Effects 15 | . 1 . 14 . Shutdowns 7 | . . . 7 . Energy Bleed 1 | . . . 1 . Interference 1 | . 1 . . . Matter Decay 1 | . . . 1 . Short Circuit 1 | . . . 1 . Damage (minor) 3 | . . . 3 . Damage (core) 1 | . . . 1 . Siege Activations . | . . . . . Robots Corrupted . | . . . . . Combat Hostiles . | . . . . . Parts Fried . | . . . . . Impact Corruptions . | . . . . . Robots Melted . | . . . . . Combat Hostiles . | . . . . . Parts Melted . | . . . . . Heat Transferred 444 | 148 296 . . . Parts Sabotaged . | . . . . . Parts Stolen . | . . . . . Parts Stripped . | . . . . . Power Chain Reactions . | . . . . . Alert | -11 -10 -9 -8 -7 ------- Run | Yrd Mat Mat Mat Fac Peak Influence 180 | 15 180 62 159 78 Initial 71 | . 9 12 26 71 Average 57 | 9 98 27 62 58 Maximum Alert Level . | . . . . . Low Security (%) 100 | 100 100 100 100 100 Level 1 . | . . . . . Level 2 . | . . . . . Level 3 . | . . . . . Level 4 . | . . . . . Level 5 . | . . . . . High Security . | . . . . . Max Security . | . . . . . Squads Dispatched 8 | . 5 . 2 1 Investigation 3 | . 3 . . . Extermination . | . . . . . Reinforcement 4 | . 2 . 2 . Assault . | . . . . . Garrison 1 | . . . . 1 Intercept . | . . . . . Searches Triggered . | . . . . . Construction Impeded 1 | . . . 1 . Haulers Reinforced . | . . . . . Active Scanning Responses . | . . . . . Cargo Convoy Interrupts . | . . . . . Stealth | -11 -10 -9 -8 -7 --------- Run | Yrd Mat Mat Mat Fac Distress Signals . | . . . . . Communications Jammed . | . . . . . Distress Signals . | . . . . . Times Spotted 29 | . 14 2 10 3 Peak Tracking Total 6 | . 6 2 4 3 Tactical Retreats . | . . . . . Traps | -11 -10 -9 -8 -7 ------- Run | Yrd Mat Mat Mat Fac Traps Triggered 3 | . 1 2 . . Indirectly . | . . . . . Trap Hack Attempts . | . . . . . Triggered . | . . . . . Disarmed . | . . . . . Reprogrammed . | . . . . . Reused . | . . . . . Traps Extracted . | . . . . . Installed . | . . . . . Triggered . | . . . . . Machines | -11 -10 -9 -8 -7 ---------- Run | Yrd Mat Mat Mat Fac Machines Disabled 3 | . 1 1 . 1 Max in Single Turn 1 | . 1 1 . 1 Machines Repaired . | . . . . . Machines Dismantled . | . . . . . Machines Sabotaged . | . . . . . Overloaded Fab Kills . | . . . . . Hacking | -11 -10 -9 -8 -7 --------- Run | Yrd Mat Mat Mat Fac Machines Accessed 2 | . 2 . . . Terminals 1 | . 1 . . . Fabricators . | . . . . . Repair Stations . | . . . . . Recycling Units 1 | . 1 . . . Scanalyzers . | . . . . . Garrison Access . | . . . . . Total Hacks 4 | . 4 . . . Successful . | . . . . . Failed 4 | . 4 . . . Catastrophic 2 | . 2 . . . Database Lockouts . | . . . . . Manual . | . . . . . Terminals 2 | . 2 . . . Fabricators . | . . . . . Repair Stations . | . . . . . Recycling Units 2 | . 2 . . . Scanalyzers . | . . . . . Garrison Access . | . . . . . Terminal Hacks . | . . . . . Fabricator Hacks . | . . . . . Repair Station Hacks . | . . . . . Recycling Unit Hacks . | . . . . . Scanalyzer . | . . . . . Garrison Access Hacks . | . . . . . Unauthorized Hacks . | . . . . . Terminals . | . . . . . Fabricators . | . . . . . Repair Stations . | . . . . . Recycling Units . | . . . . . Scanalyzers . | . . . . . Garrison Access . | . . . . . Data Cores Recovered . | . . . . . Used . | . . . . . Hacking Detections 2 | . 2 . . . Full Trace Events 2 | . 2 . . . Feedback Events 1 | . 1 . . . Corruption 1 | . 1 . . . Feedback Blocked . | . . . . . Robot Schematics Acquired . | . . . . . Robots Built . | . . . . . Authchips . | . . . . . Time . | . . . . . Total Robot Build Rating . | . . . . . Part Schematics Acquired . | . . . . . Parts Built . | . . . . . Authchips . | . . . . . Time . | . . . . . Total Part Build Rating . | . . . . . Parts Repaired . | . . . . . Time . | . . . . . Parts Recycled . | . . . . . Recycled Matter . | . . . . . Retrieved Matter . | . . . . . Retrieved Components . | . . . . . Parts Scanalyzed . | . . . . . Part Schematics Acquired . | . . . . . Parts Damaged . | . . . . . Bothacking | -11 -10 -9 -8 -7 ------------ Run | Yrd Mat Mat Mat Fac Used RIF Installer . | . . . . . Robots Hacked . | . . . . . Non-combat . | . . . . . Combat . | . . . . . Robot Hacks Applied . | . . . . . Relay Couplers Released . | . . . . . Fabnet Peak Effective % . | . . . . . Robots Rewired . | . . . . . Allies Hacked . | . . . . . Hacks Repelled . | . . . . . Allies | -11 -10 -9 -8 -7 -------- Run | Yrd Mat Mat Mat Fac Total Allies . | . . . . . Largest Group . | . . . . . Highest-Rated Group . | . . . . . Highest-Rated Ally . | . . . . . Total Orders . | . . . . . Ally Attacks . | . . . . . Total Damage . | . . . . . Kills . | . . . . . Allies Corrupted . | . . . . . Allies Melted . | . . . . . Intel | -11 -10 -9 -8 -7 ------- Run | Yrd Mat Mat Mat Fac Robot Analysis Total . | . . . . . Derelict Logs Recovered . | . . . . . Drone Launches . | . . . . . Drone Recoveries . | . . . . . Exploration | -11 -10 -9 -8 -7 ------------- Run | Yrd Mat Mat Mat Fac Turns Passed 1484 | 261 422 228 278 295 Spaces Moved 720 | 145 228 193 95 59 Core 105 | 11 25 . 10 59 Treads 279 | 134 74 . 71 . Legs . | . . . . . Wheels 336 | . 129 193 14 . Hover . | . . . . . Flight . | . . . . . Fastest Speed 50 | 50 90 105 105 200 Average Speed 159 | 154 130 105 215 372 Slowest Speed 450 | 160 300 105 400 450 Overloaded Moves . | . . . . . Propulsion Burnouts . | . . . . . Robots Hopped . | . . . . . Cave-ins Triggered . | . . . . . Exploration Rate (%) 15 | 8 34 21 14 1 Regions Visited 4 Branch Regions . Pre-discovered Areas . | . . . . . Known Exits Taken . | . . . . . Unknown Exits Taken 4 | 1 1 1 1 . Scrap Searched . | . . . . . Spaces Dug . | . . . . . Terrain Destroyed 71 | . . . 30 41 Melee . | . . . . . Projectile . | . . . . . AOE 71 | . . . 30 41 Terrain Rammed . | . . . . . Walls Destroyed . | . . . . . Machines Disabled . | . . . . . Actions | -11 -10 -9 -8 -7 --------- Run | Yrd Mat Mat Mat Fac Total 876 | 162 286 208 130 90 Wait . | . . . . . Move 716 | 144 227 192 94 59 Hop . | . . . . . Pick Up 20 | 2 8 7 2 1 Fast Attach 11 | 6 4 . 1 . Attach 18 | . 5 2 5 6 Detach 1 | . . . 1 . Swap 1 | . 1 . . . Drop 2 | . . 1 1 . Fire 88 | 10 40 5 26 7 Melee . | . . . . . Ram 19 | . 1 1 . 17 Kick . | . . . . . Crush . | . . . . . Escape Stasis . | . . . . . Rewire . | . . . . . Trap . | . . . . . Miscellaneous . | . . . . . Route ------- -11/Scrapyard -10/Materials -9/Materials -8/Materials -7/Factory History --------- Turn | Location | Event 12 | -11/Scrapyard | Discovered new exit (range 16) 262 | -11/Scrapyard | Entered Materials 315 | -10/Materials | Build established: Mutant 425 | -10/Materials | Core integrity fell below 50% 477 | -10/Materials | Lost 8 parts (2p2n2u2w) 497 | -10/Materials | Core integrity fell below 20% 663 | -10/Materials | Discovered new exit (range 16) 684 | -10/Materials | Entered another Materials area 684 | -9/Materials | Evolved 2 slots: Propulsion x1, Utility x1 889 | -9/Materials | Discovered new exit (range 14) 912 | -9/Materials | Entered another Materials area 912 | -8/Materials | Evolved 2 slots: Power x1, Utility x1 1085 | -8/Materials | Discovered new exit (range 10) 1190 | -8/Materials | Entered Factory 1190 | -7/Factory | Evolved 2 slots: Power x1, Weapon x1 1209 | -7/Factory | Lost 10 parts (2p3n3u2w) 1365 | -7/Factory | Core integrity fell below 50% 1374 | -7/Factory | Lost 3 parts (2p1u) 1391 | -7/Factory | Core integrity fell below 20% 1461 | -7/Factory | Garrison activated, responded to threat 1485 | -7/Factory | Destroyed by S-27 Virus with Autogun Last Messages --------------- Slammed into S-27 Virus. System corrupted: Energy discharge (-17). S-27 Virus IFF system glitched. Slammed into S-27 Virus. R-06 Scavenger collects Autogun. System corrupted: Component data lost. Slammed into S-27 Virus. R-06 Scavenger collects VTOL Module. Slammed into S-27 Virus. R-06 Scavenger collects VTOL Module. Assault Rifle destroyed. Imp. EM Pulse Cannon destroyed. Construction Platform disabled. Destroyed Lgt. Nuclear Core. S-27 Virus destroyed. S-27 Virus calls for garrison reinforcements. ALERT: Activating Garrison Access F002. The unstable cave ceiling collapses. [Achievement: Oops] The unstable cave ceiling collapses. Map ----- +----------------------------------------------------+ | ??????????????????????????????? "????????????? | | ??????????????????????????????? ????????????? | | ??????????????????????????????? ????????????? | | ??????????????????????????????? ????????????? | | ????????????????????????????###+###??????????? | | ???????????????????????###### +??????????? | | ???????????????????????# #??????????? | | ???????????????????????# #??????????? | | ???????????????????????# """ +??????????? | | ??????????????#######??# """ #??????????? | | ??????????????# #??# """ ""#??????????? | | ??????????????# #### ""#??????????? | | ??????????????# """ G#??????????? | | ??????????????# """ ""#??????????? | | ??????????????# """ ""#??????????? | | ??????????????# #??????????? | | ????????? #??????????? | | ????????#########+############+####??????????? | | ????????????????????????# #??????????? | | ????????????????????????# """"""" ##?????????? | | ????????????????????????# """"""" ####??????? | | ????????????????????????# """"" "% ##?????? | | ????????????????????????# """"" * #?????? | | ????????????????????????# [% # # #??????? | | ????????????????????????# s| #?????? | | ????????????????????????#@ ! ##?????? | | ????????????????????????##### #??????? | | ?????????????????????????????### #??????? | | ????????????????????????????????? ####??????? | | ??????????????????????????????????##?????????? | | | | | | | | | | | | | | | | | | | | | | | | | | | | | | | | | | | | | | | | | +----------------------------------------------------+ Best States ------------- Heat Dissipation 34 Energy Generation 19 Energy Capacity 415 Matter Stores 300 Matter Capacity 300 Sight Range 16 Terrain Scan Density 10 Armor Coverage 300 Resistance: EM 15 Evasion (%) 42 Recoil Reduction 2 Item Schematics ----------------- None Robot Schematics ------------------ None Fabricated ------------ Nothing Alien Tech Used ----------------- None Achievements -------------- Close Call Made in Tau Ceti IV Oops Challenges ------------ None Game ------ Seed AluminumZhirovPick Manual? 0 Play Time 00:16:53 Cumulative 1.7 hours Start 2024.04.23 @ 22:00:55 End 2024.04.23 @ 22:19:40 Sessions 1 Manual Loads 0 Difficulty Rogue Special Mode None Game No. 8 Rogue 8 Adventurer 0 Explorer 0 Win Type - Total 0 Types 0/0/0/0/0/0/0/0/0 Lore% 1 Gallery% 6 Achievement% 5 Wizard Run 0 Options --------- Layout 1 ASCII 0 Keyboard 0 Movement Arrows Keybinds 0 Fullscreen 1 Font 24/Cog Map View 50x35 Zoom Use 0% Tactical HUD 0 Map Filters NONE Filters BRIGHTNESS(80)|SATURATION(70) Steam 1 RUN: 7a71e92f-7c92-4556-aad9-dfe8cc2ba23f